 Dungeon Sprint DCSS version 0.21.1-1-g345015f (webtiles) character file.

4337 wilfster70 the Covert (level 10, 35/79 (82) HPs)
             Began as a Gnoll Enchanter on June 17, 2018.
             Was a High Priest of Wu Jian.
             Quit the game in the Dungeon (Sprint I: "Red Sonja").
             The game lasted 00:04:59 (583 turns).

wilfster70 the Covert (Gnoll Enchanter)              Turns: 583, Time: 00:04:59

HP:   35/79 (82)    AC:  2    Str: 12    XL:     10   Next: 33%
MP:   13/24         EV: 19    Int: 19    God:    Wu Jian [*****.]
Gold: 626           SH:  8    Dex: 16    Spells: 23/29 levels left

rFire    . . .     SeeInvis .   a - +1 dagger
rCold    . . .     Gourm    .   i - +2 buckler
rNeg     . . .     Faith    .   l - +0 robe
rPois    .         Spirit   .   (no helmet)
rElec    .         Reflect  .   (no cloak)
rCorr    .         Harm     .   (no gloves)
MR       .....     NoTele   +   (no boots)
Stlth    +++++.....             (no amulet)
HPRegen  0.23/turn              (no ring)
MPRegen  0.19/turn              (no ring)

@: no status effects
A: distributed training, fangs 1, strong nose
a: Wall Jump, Serpent's Lash, Heavenly Storm, Renounce Religion


You were in the Dungeon.
You worshipped Wu Jian.
Wu Jian was extremely pleased with you.
You were not hungry.

You visited 1 branch You collected 769 gold pieces.
You spent 143 gold pieces at shops.

Inventory:

Hand Weapons
 a - a +1 dagger (weapon)
 b - a +4 war axe
Armour
 i - a +2 buckler (worn)
 l - a +0 robe (worn)
Scrolls
 j - 2 scrolls of blinking
 k - a scroll of magic mapping {unknown}
 m - a scroll of identify {unknown}
Potions
 e - a potion of curing
 f - 2 potions of heal wounds
 g - a potion of haste
 h - 2 potions of magic
Books
 c - a book of Maledictions

   Spells                             Type                      Level
   a - Corona                         Hexes                        1
   b - Ensorcelled Hibernation        Hexes/Ice                    2
   c - Confuse                        Hexes                        3
   d - Tukima's Dance                 Hexes                        3
   e - Dazzling Spray                 Conjuration/Hexes            3
Comestibles
 d - 2 rations


   Skills:
 + Level 8.7 Fighting
 + Level 9.1 Short Blades
 + Level 8.7 Long Blades
 + Level 8.7 Axes
 + Level 8.7 Maces & Flails
 + Level 8.7 Polearms
 + Level 8.7 Staves
 + Level 8.7 Slings
 + Level 8.7 Bows
 + Level 8.7 Crossbows
 + Level 8.7 Throwing
 + Level 8.7 Armour
 + Level 9.8 Dodging
 + Level 10.5 Stealth
 + Level 8.7 Shields
 + Level 8.7 Unarmed Combat
 + Level 10.0 Spellcasting
 + Level 7.2 Conjurations
 + Level 9.1 Hexes
 + Level 7.2 Charms
 + Level 7.2 Summonings
 + Level 7.2 Necromancy
 + Level 7.2 Translocations
 + Level 7.2 Transmutations
 + Level 7.2 Fire Magic
 + Level 7.2 Ice Magic
 + Level 7.2 Air Magic
 + Level 7.2 Earth Magic
 + Level 7.2 Poison Magic
 + Level 9.5 Invocations
 + Level 8.7 Evocations


You had 23 spell levels left.
You knew the following spells:

 Your Spells              Type           Power        Failure   Level  Hunger
a - Corona                Hex            #####..      1%          1    None
b - Ensorcelled Hibernat  Hex/Ice        #####.       1%          2    None
c - Confuse               Hex            #####...     1%          3    None


Dungeon Overview and Level Annotations

Branches:
Dungeon (1/1)

Altars:
Cheibriados
Dithmenos
Elyvilon
Fedhas
Gozag
Hepliaklqana
Kikubaaqudgha
Nemelex Xobeh
Okawaru
Qazlal
Ru
Sif Muna
Trog
Uskayaw
Vehumet
Wu Jian
Yredelemnul
Zin
The Shining One

Shops:
D [(!*(*[:}(!:[*[[%


Innate Abilities, Weirdness & Mutations

Your experience applies equally to all skills.
You have very sharp teeth.
Your uncanny sense of smell can sniff out nearby items.


Message History

There is an entrance to Reatwey's Antique Armour Shop here.
There is an entrance to Bain's General Store here.
You see here a necrophage corpse.
There is an entrance to Qaredeyxaeq's Assorted Antiques here.
You see here a necrophage corpse.
Casting: Ensorcelled Hibernation
Confirm with . or Enter, or press ? or * to list all spells.
Aiming: Ensorcelled Hibernation
Press: ? - help, Shift-Dir - straight line, f - jelly
Aim: a jelly (hasn't noticed you, chance to defeat MR: 75%)
The jelly quivers.
The jelly looks drowsy... 2 necrophages come into view.
Found a scroll labeled QAITSE QIOGEL and a dyed leather armour.
Something hits you but does no damage.
Deactivating autopickup; reactivate with Ctrl-A.
The jelly quivers.
You completely miss the jelly. Something completely misses you.
The jelly closely misses you.
Are you sure you want to abandon this character and quit the game? (Confirm with "yes".)

###++++####.).###########.#
∆∆ ##.## ..... #.# ∆ ∆∆
∆#+#∆ .... +.# ∆∆
∆∆∆∆∆#.+.######§#∆∆ ∆∆
∆∆∆∆∆#....§§§§#§# ∆
######....§§.#§.#∆∆∆
#n=([.....§.§####∆
#nn%.....§§§≈# ∆∆∆
#...@J.§≈§≈## ∆∆
###..≈≈§≈### ∆
###.######'### ∆∆∆∆∆
#∩∩########∩∩#
##∩∩∩∩∩∩∩∩∩∩## ############
∆


You could see 3 necrophages and a jelly.

Vanquished Creatures
  2 centaur warriors (D)
  Sonja (D)
  A deep troll (D)
  An oklob plant (D)
  A hornet (D)
  Sigmund (D)
  2 redbacks (D)
  A yak (D)
  A floating eye (D)
  4 necrophages (D)
  An ogre (D)
  7 jellies (D)
  Ijyb (D)
24 creatures vanquished.

Vanquished Creatures (others)
  A gargoyle (D)
1 creature vanquished.

Grand Total: 25 creatures vanquished

Notes
Turn   | Place    | Note
-------+----------+-------------------------------------------
     0 | D        | wilfster70 the Gnoll Enchanter began the quest for the Orb.
     0 | D        | Reached XP level 1. HP: 13/13 MP: 6/6
     2 | D        | Noticed Ijyb
    10 | D        | Killed Ijyb
    10 | D        | Reached skill level 1 in Fighting
    10 | D        | Reached skill level 1 in Long Blades
    10 | D        | Reached skill level 1 in Axes
    10 | D        | Reached skill level 1 in Maces & Flails
    10 | D        | Reached skill level 1 in Polearms
    10 | D        | Reached skill level 1 in Staves
    10 | D        | Reached skill level 1 in Slings
    10 | D        | Reached skill level 1 in Bows
    10 | D        | Reached skill level 1 in Crossbows
    10 | D        | Reached skill level 1 in Throwing
    10 | D        | Reached skill level 1 in Armour
    10 | D        | Reached skill level 1 in Shields
    10 | D        | Reached skill level 1 in Unarmed Combat
    10 | D        | Reached skill level 5 in Spellcasting
    10 | D        | Reached skill level 1 in Conjurations
    10 | D        | Reached skill level 1 in Charms
    10 | D        | Reached skill level 1 in Summonings
    10 | D        | Reached skill level 1 in Necromancy
    10 | D        | Reached skill level 1 in Translocations
    10 | D        | Reached skill level 1 in Transmutations
    10 | D        | Reached skill level 1 in Fire Magic
    10 | D        | Reached skill level 1 in Ice Magic
    10 | D        | Reached skill level 1 in Air Magic
    10 | D        | Reached skill level 1 in Earth Magic
    10 | D        | Reached skill level 1 in Poison Magic
    10 | D        | Reached skill level 1 in Invocations
    10 | D        | Reached skill level 1 in Evocations
    10 | D        | Reached XP level 2. HP: 22/22 MP: 8/8
    10 | D        | Reached XP level 3. HP: 27/27 MP: 9/9
    19 | D        | Learned a level 2 spell: Ensorcelled Hibernation
    23 | D        | Learned a level 3 spell: Confuse
    27 | D        | Noticed an ogre
    33 | D        | Killed an ogre
    33 | D        | Reached skill level 5 in Dodging
    33 | D        | Reached XP level 4. HP: 35/35 MP: 3/11
    91 | D        | Noticed Sigmund
    94 | D        | Killed Sigmund
    94 | D        | Reached skill level 5 in Short Blades
    94 | D        | Reached XP level 5. HP: 42/42 MP: 12/14
    94 | D        | Reached XP level 6. HP: 48/48 MP: 12/15
   116 | D        | Found a deep blue altar of Sif Muna.
   117 | D        | Found an ornate altar of the Wu Jian Council.
   118 | D        | Found a radiant altar of Vehumet.
   121 | D        | Became a worshipper of the Wu Jian Council
   126 | D        | Found Zuann's Antique Weapon Emporium.
   126 | D        | Found an ancient bone altar of Kikubaaqudgha.
   126 | D        | Found a hazy altar of Hepliaklqana.
   126 | D        | Found a stormy altar of Qazlal.
   126 | D        | Found a hide-covered altar of Uskayaw.
   126 | D        | Found a blossoming altar of Fedhas.
   126 | D        | Found a bloodstained altar of Trog.
   126 | D        | Found an iron altar of Okawaru.
   126 | D        | Found a basalt altar of Yredelemnul.
   126 | D        | Found a glowing golden altar of the Shining One.
   126 | D        | Found a snail-covered altar of Cheibriados.
   126 | D        | Found a sacrificial altar of Ru.
   126 | D        | Found a glowing silver altar of Zin.
   126 | D        | Found a shadowy altar of Dithmenos.
   126 | D        | Found a white marble altar of Elyvilon.
   126 | D        | Noticed a yak
   128 | D        | Killed a yak
   128 | D        | Reached skill level 5 in Fighting
   128 | D        | Reached skill level 5 in Long Blades
   128 | D        | Reached skill level 5 in Axes
   128 | D        | Reached skill level 5 in Maces & Flails
   128 | D        | Reached skill level 5 in Polearms
   128 | D        | Reached skill level 5 in Staves
   128 | D        | Reached skill level 5 in Slings
   128 | D        | Reached skill level 5 in Bows
   128 | D        | Reached skill level 5 in Crossbows
   128 | D        | Reached skill level 5 in Throwing
   128 | D        | Reached skill level 5 in Armour
   128 | D        | Reached skill level 5 in Shields
   128 | D        | Reached skill level 5 in Unarmed Combat
   128 | D        | Reached skill level 5 in Invocations
   128 | D        | Reached skill level 5 in Evocations
   128 | D        | Reached XP level 7. HP: 56/56 MP: 13/17
   130 | D        | Found an opulent altar of Gozag.
   165 | D        | Found a sparkling altar of Nemelex Xobeh.
   169 | D        | Bought a glowing war axe for 143 gold pieces
   179 | D        | Noticed Sonja
   182 | D        | Killed Sonja
   182 | D        | Reached * piety under Wu Jian
   182 | D        | Reached skill level 5 in Conjurations
   182 | D        | Reached skill level 5 in Charms
   182 | D        | Reached skill level 5 in Summonings
   182 | D        | Reached skill level 5 in Necromancy
   182 | D        | Reached skill level 5 in Translocations
   182 | D        | Reached skill level 5 in Transmutations
   182 | D        | Reached skill level 5 in Fire Magic
   182 | D        | Reached skill level 5 in Ice Magic
   182 | D        | Reached skill level 5 in Air Magic
   182 | D        | Reached skill level 5 in Earth Magic
   182 | D        | Reached skill level 5 in Poison Magic
   182 | D        | Reached XP level 8. HP: 64/64 MP: 18/20
   199 | D        | Found Moolyurul's Armour Boutique.
   219 | D        | Noticed a deep troll
   226 | D        | Killed a deep troll
   236 | D        | Found Bigrua Ugue's Armour Emporium.
   251 | D        | Killed a gargoyle
   376 | D        | Noticed a centaur warrior
   376 | D        | Noticed a centaur warrior
   378 | D        | Killed a centaur warrior
   378 | D        | Reached XP level 9. HP: 72/72 MP: 20/22
   379 | D        | Killed a centaur warrior
   379 | D        | Reached ** piety under Wu Jian
   394 | D        | Noticed a hornet
   396 | D        | Killed a hornet
   396 | D        | Reached skill level 10 in Stealth
   406 | D        | Noticed an oklob plant
   413 | D        | Killed an oklob plant
   413 | D        | Reached XP level 10. HP: 80/80 MP: 16/23
   425 | D        | Reached *** piety under Wu Jian
   449 | D        | Found Fidi's Assorted Antiques.
   449 | D        | Found Qayhan's Food Emporium.
   449 | D        | Found Mes Vaoh's Armour Emporium.
   451 | D        | Found Yhetam's Antique Armour Boutique.
   451 | D        | Found Sach's Book Shoppe.
   451 | D        | Found Meidd's Distillery.
   451 | D        | Found Ahoom's Antique Weapon Emporium.
   451 | D        | Found Qujisty's Gadget Boutique.
   451 | D        | Found Venodd's Book Shoppe.
   451 | D        | Found Reatwey's Antique Armour Shop.
   453 | D        | Found Bain's General Store.
   454 | D        | Found Saesydau's Antique Weapon Boutique.
   454 | D        | Found Qaredeyxaeq's Assorted Antiques.
   455 | D        | Found Tatwohom's Distillery.
   469 | D        | Reached **** piety under Wu Jian
   501 | D        | Reached ***** piety under Wu Jian
   501 | D        | Reached skill level 10 in Spellcasting
   583 | D        | Quit the game

Skill      XL: |  1  2  3  4  5  6  7  8  9 10 |
---------------+-------------------------------+-----
Fighting       | 1 3 4 5 6 7 8 |  8.7
Short Blades   | 3 4 5 6 7 8 9 |  9.1
Long Blades    | 1 3 4 5 6 7 8 |  8.7
Axes           | 1 3 4 5 6 7 8 |  8.7
Maces & Flails | 1 3 4 5 6 7 8 |  8.7
Polearms       | 1 3 4 5 6 7 8 |  8.7
Staves         | 1 3 4 5 6 7 8 |  8.7
Slings         | 1 3 4 5 6 7 8 |  8.7
Bows           | 1 3 4 5 6 7 8 |  8.7
Crossbows      | 1 3 4 5 6 7 8 |  8.7
Throwing       | 1 3 4 5 6 7 8 |  8.7
Armour         | 1 3 4 5 6 7 8 |  8.7
Stealth        | 6 7 8 9 10 | 10.5
Shields        | 1 3 4 5 6 7 8 |  8.7
Unarmed Combat | 1 3 4 5 6 7 8 |  8.7
Spellcasting   | 5 6 7 8 9 10 | 10.0
Conjurations   | 1 2 3 4 5 6 7 |  7.2
Charms         | 1 2 3 4 5 6 7 |  7.2
Summonings     | 1 2 3 4 5 6 7 |  7.2
Necromancy     | 1 2 3 4 5 6 7 |  7.2
Translocations | 1 2 3 4 5 6 7 |  7.2
Transmutations | 1 2 3 4 5 6 7 |  7.2
Fire Magic     | 1 2 3 4 5 6 7 |  7.2
Ice Magic      | 1 2 3 4 5 6 7 |  7.2
Air Magic      | 1 2 3 4 5 6 7 |  7.2
Earth Magic    | 1 2 3 4 5 6 7 |  7.2
Poison Magic   | 1 2 3 4 5 6 7 |  7.2
Invocations    | 1 3 4 5 6 8 9 |  9.5
Evocations     | 1 3 4 5 6 7 8 |  8.7
Dodging        | 5 6 7 8 9 |  9.8
Hexes          | 6 7 8 9 |  9.1

Action                   |  1- 3 |  4- 6 |  7- 9 | 10-12 || total
-------------------------+-------+-------+-------+-------++-------
Melee: Dagger            |     7 |     3 |     9 |    36 ||    55
       War axe           |       |       |       |    11 ||    11
       Bite              |       |       |       |     7 ||     7
 Cast: Ensorcelled Hiber |     3 |     1 |     5 |    12 ||    21
       Confuse           |       |       |     2 |     3 ||     5
Invok: Lunge             |       |     1 |     3 |     7 ||    11
       Wall Jump         |       |       |     3 |       ||     3
       Whirlwind         |       |       |     1 |     3 ||     4
  Use: Potion            |     1 |       |       |       ||     1
 Stab: Sleeping          |     1 |     3 |     5 |     9 ||    18
       Confused          |       |       |     2 |     2 ||     4
Armor: Robe              |     1 |       |     1 |     1 ||     3
Dodge: Dodged            |     6 |       |     7 |    25 ||    38
Block: Buckler           |       |       |     2 |    10 ||    12
